 Dungeon Crawl Stone Soup version 0.28-a0-655-g4eb62b627b (webtiles) character file.

Game seed: 75547067835268749

25949 ytrimaz the Severer (level 12, -17/113 HPs)
             Began as a Minotaur Berserker on Oct 12, 2021.
             Was a High Priest of Trog.
             Shot with a bolt by a yaktaur captain (18 damage)
             ... on level 14 of the Dungeon.
             The game lasted 00:23:45 (15730 turns).

ytrimaz the Severer (Minotaur Berserker)           Turns: 15730, Time: 00:23:45

Health: -17/113    AC: 20    Str: 38    XL:     12   Next: 94%
Magic:  11/11      EV: 12    Int:  4    God:    Trog [*****.]
Gold:   505        SH: 13    Dex: 10    Spells: 11/11 levels left

rFire   . . .      SeeInvis +   A - +3 war axe (flame)
rCold   . . .      Faith    .   t - +0 buckler
rNeg    + + .      Spirit   .   c - +2 scale mail of Yviejar {rC- rN++ Str+5}
rPois   .          Reflect  +   (helmet restricted)
rElec   .          Harm     .   (no cloak)
rCorr   .          Rampage  .   w - +2 pair of gloves
Will    .....                   d - +0 pair of boots
Stlth   ..........              o - amulet of Sussa {Reflect rC+ SH+5 SInv}
HPRegen 0.28/turn               f - +4 ring of protection
MPRegen 0.12/turn               h - +6 ring of strength

@: no status effects
A: horns 2, retaliatory headbutt, large bone plates 1, sense surroundings 1
a: Renounce Religion, Berserk, Trog's Hand, Brothers in Arms


You were on level 14 of the Dungeon.
You worshipped Trog.
Trog was extremely pleased with you.
You visited 1 branch of the dungeon, and saw 14 of its levels.

You collected 1035 gold pieces.
You spent 530 gold pieces at shops.

Inventory:

Hand Weapons
 g - a +0 broad axe
 A - a +3 war axe of flaming (weapon)
 B - a +4 battleaxe
 G - a +2 war axe of freezing
 L - a +4 great sword of venom
Missiles
 r - a throwing net (quivered)
Armour
 c - the +2 scale mail of Yviejar (worn) {rC- rN++ Str+5}
   (You acquired it on level 2 of the Dungeon)

   Str:       It affects your strength (+5).
   rC:        It makes you vulnerable to cold.
   rN:        It greatly protects you from negative energy.
 d - a +0 pair of boots (worn)
 t - a +0 buckler (worn)
 w - a +2 pair of gloves (worn)
 I - a +0 kite shield
 J - a +0 plate armour
Jewellery
 e - a ring of protection from fire
 f - a +4 ring of protection (left hand)
 h - a +6 ring of strength (right hand)
 n - a ring of protection from cold
 o - the amulet of Sussa (around neck) {Reflect rC+ SH+5 SInv}
   (You bought it in a shop on level 5 of the Dungeon)

   [amulet of reflection]

   It reflects blocked missile attacks.
   rC:        It protects you from cold.
   SInv:      It lets you see invisible.
   SH:        It affects your SH (+5).
 x - a +6 ring of dexterity
 F - a +6 ring of dexterity
 M - a ring of fire
Wands
 s - a wand of acid (15)
 z - a wand of charming (9)
 C - a wand of paralysis (15)
 D - a wand of iceblast (12)
 E - a wand of flame (14)
 P - a wand of mindburst (17)
Scrolls
 i - 4 scrolls of enchant armour
 p - 4 scrolls of identify
 q - 3 scrolls of teleportation
 y - 3 scrolls of blinking
 K - a scroll of fear {unknown}
 N - a scroll of fog {unknown}
 O - a scroll of noise {unknown}
Potions
 a - 4 potions of lignification
 b - 5 potions of curing
 j - 2 potions of invisibility
 k - 3 potions of heal wounds
 l - a potion of berserk rage
 m - a potion of might
 u - 2 potions of ambrosia
 v - a potion of attraction
 H - a potion of flight {unknown}
 Q - a potion of haste {unknown}


   Skills:
 + Level 12.5 Fighting
 - Level 3.9 Long Blades
 + Level 17.3 Axes
 * Level 13.5 Armour
 * Level 6.3 Dodging
 - Level 4.0 Shields


You had 11 spell levels left.
You didn't know any spells.
Your spell library was empty.

Dungeon Overview and Level Annotations

Branches:
Dungeon (14/15)            Temple (0/1) D:7            Lair (0/6) D:9
    Orc (0/2) D:12
 Vaults: D:13-14

Altars:
Elyvilon
Gozag
Hepliaklqana
Kikubaaqudgha
Sif Muna
Trog
Vehumet
Wu Jian
Yredelemnul
Zin
The Shining One
Beogh

Shops:
D:3 (   D:5 *   D:11 *

Annotations:
D:9 exclusion: orange crystal statue


Innate Abilities, Weirdness & Mutations

You have a pair of horns on your head.
You reflexively headbutt those who attack you in melee.
You are partially covered in large bone plates. (SH +4)
You passively map a small area around you.


Message History

You open the door.
Found 11 sling bullets.
There is an open door here.
A vampire comes into view.
The vampire points at you and mumbles some strange words.
You resist with some effort.
You barely miss the vampire. You headbutt the vampire.
The vampire is lightly damaged.
You block the vampire's attack. x2
You hit the vampire but do no damage.
You headbutt the vampire, but do no damage.
The vampire is lightly damaged.
You block the vampire's attack. x2
You slice the vampire!! You burn the vampire!
You destroy the vampire!
Trog accepts your kill.
Trog appreciates your killing of a magic user.
A yaktaur comes into view.
The yaktaur shouts!
You hear a shout!
The yaktaur wields a +0 arbalest.
The yaktaur shoots a bolt.
The bolt closely misses you.
A yaktaur captain comes into view.
A yaktaur comes into view.
Unknown command.
The yaktaur captain wields a +2 arbalest of flaming.
It bursts into flame!
The yaktaur captain shoots a bolt.
The bolt hits you!! The bolt burns you.
You open the door.
The yaktaur shoots a bolt.
The bolt hits you.
Found 25 gold pieces.
You close the door.
The yaktaur captain shoots a bolt.
The bolt completely misses you.
The yaktaur wields a +0 arbalest.
The yaktaur shoots a bolt.
The bolt hits you!!
The yaktaur captain shoots a bolt.
The bolt hits you! The bolt burns you.
The yaktaur shoots a bolt.
You reflect the bolt off an invisible shield around you!
The bolt barely misses the yaktaur.
The yaktaur shoots a bolt.
The bolt closely misses you.
The yaktaur captain shoots a bolt.
The bolt hits you!!!
* * * LOW HITPOINT WARNING * * *
The bolt burns you!!
You die...

* .# .... , *, * .#..c.. ,
, , , , .#c.... , , ,
..[c..c∩#..... * , ,*
###+#......###.#... , ,
#.................. . * ,
#....#$....#.#.#... ,
..####+#....+.............
.........@..#...#.........
,........#########.........
,
........'..##...#....<....
,
........#..'....#.........
,........#####...#.(.......
^
,........#..##...#.........
,
........#.......'.........
........+..##+###....#####
........#., ,,#....#


You could see a yaktaur captain and 2 yaktaurs.

Vanquished Creatures
  Frances (D:12)
  2 hydras (D:12)
  4 boulder beetles
  3 death knights
  A centaur warrior (D:13)
  A two-headed ogre (D:12)
  3 tengu warriors
  An ugly thing (D:13)
  3 manticores
  A cyclops (D:13)
  2 molten gargoyles (D:11)
  2 gargoyles
  Psyche (D:10)
  A freezing wraith (D:13)
  A komodo dragon (D:10)
  3 tengu conjurers
  3 trolls
  A raiju (shapeshifter) (D:10)
  4 slime creatures (D:12)
  2 shadows
  4 vampires
  4 wraiths
  2 wyverns
  A human (D:8)
  5 yaks (D:10)
  7 vampire mosquitoes
  2 steam dragons
  2 acid dragons
  4 water moccasins
  3 orc warriors
  2 sky beasts
  2 black bears (D:5)
  2 ogres (D:4)
  8 centaurs
  A phantom (D:6)
  Blork the orc (D:4)
  3 bullfrogs
  A kobold brigand (D:7)
  6 killer bees
  9 howler monkeys
  14 wights
  An electric eel (D:13)
  5 lava snakes (D:11)
  4 centaur zombies
  6 orc priests
  A bullfrog skeleton (D:4)
  Crazy Yiuf (D:7)
  3 hounds
  2 gnoll shamans
  2 iguanas
  11 orc wizards
  A howler monkey zombie (D:6)
  11 gnolls
  11 adders
  2 shadow imps
  2 white imps
  An ufetubus (D:5)
  2 worms
  The ghost of NERVtheDESTROYER the Sneak, a weakling FoDe (D:13)
  The ghost of SirDiesAlot the Sneak, a weakling MiDe (D:6)
  The ghost of AttackTheMoon the Sneak, a weakling KoDe (D:5)
  12 dart slugs
  49 orcs
  6 bats
  6 endoplasms
  4 giant cockroaches
  4 goblins
  4 hobgoblins
  7 jackals (D:3)
  13 kobolds
  2 quokkas (D:2)
  7 ball pythons
  6 frilled lizards
  A goblin zombie (D:8)
  A jackal zombie (D:8)
  5 rats
319 creatures vanquished.

Vanquished Creatures (collateral kills)
  2 skeletal warriors (D:13)
2 creatures vanquished.

Vanquished Creatures (others)
  A fungus (D:13)
  5 toadstools (D:4)
6 creatures vanquished.

Grand Total: 327 creatures vanquished

Notes
Turn   | Place    | Note
-------+----------+-------------------------------------------
     0 | D:1      | ytrimaz the Minotaur Berserker began the quest for the Orb.
     0 | D:1      | Reached XP level 1. HP: 19/19 MP: 0/0
   144 | D:1      | Reached XP level 2. HP: 18/27 MP: 1/1
   704 | D:1      | Found a faded altar of an unknown god.
   741 | D:1      | Reached XP level 3. HP: 7/35 MP: 2/2
  1009 | D:1      | Reached skill level 1 in Axes
  1040 | D:1      | Reached ** piety under Trog
  1438 | D:2      | Reached skill level 5 in Fighting
  1854 | D:2      | Reached XP level 4. HP: 41/42 MP: 3/3
  1949 | D:2      | Reached skill level 2 in Axes
  2341 | D:2      | Identified a scroll of acquirement
  2341 | D:2      | Acquired the +2 scale mail of Yviejar {rC- rN++ Str+5}
  2509 | D:3      | Reached skill level 3 in Axes
  2754 | D:3      | Reached XP level 5. HP: 48/48 MP: 4/4
  2793 | D:3      | Reached skill level 4 in Axes
  2832 | D:3      | Reached *** piety under Trog
  2915 | D:3      | Found Wuthedo's Weapon Shoppe.
  3123 | D:3      | Found an ancient bone altar of Kikubaaqudgha.
  3133 | D:3      | Found a radiant altar of Vehumet.
  3250 | D:3      | Gained mutation: You passively map a small area around you.
                  | [potion of mutation]
  3250 | D:3      | Gained mutation: You are partially covered in large bone
                  | plates. (SH +4) [potion of mutation]
  3309 | D:4      | Found an opulent altar of Gozag.
  3680 | D:4      | Reached skill level 5 in Axes
  3721 | D:4      | Noticed an ogre
  3722 | D:4      | Noticed an ogre
  3730 | D:4      | Killed an ogre
  3731 | D:4      | Reached XP level 6. HP: 57/57 MP: 5/5
  3734 | D:4      | Reached skill level 6 in Axes
  3911 | D:4      | Reached skill level 7 in Axes
  4059 | D:4      | Noticed Blork the orc
  4060 | D:4      | Found a hazy altar of Hepliaklqana.
  4069 | D:4      | Killed Blork the orc
  4070 | D:4      | Reached XP level 7. HP: 19/63 MP: 6/6
  4070 | D:4      | Found a faded altar of an unknown god.
  4315 | D:5      | Entered Level 5 of the Dungeon
  4382 | D:5      | Reached skill level 8 in Axes
  4407 | D:5      | Found a runed translucent gate.
  4407 | D:5      | Found a runed translucent gate.
  4407 | D:5      | Found a runed translucent gate.
  4410 | D:5      | Noticed AttackTheMoon's ghost (weakling KoDe)
  4410 | D:5      | Identified the +10 dagger of Gallantry {vorpal, rC+ Dex+2}
  4410 | D:5      | Identified the +0 leather armour "Lineck" {Harm rC- Slay+4}
  4547 | D:5      | Found Tifinui's General Store.
  4751 | D:5      | Reached XP level 8. HP: 47/71 MP: 7/7
  5042 | D:5      | Reached skill level 9 in Axes
  5533 | D:5      | Killed AttackTheMoon's ghost
  5658 | D:6      | Reached **** piety under Trog
  5661 | D:6      | Reached skill level 5 in Armour
  5689 | D:6      | Found an ornate altar of the Wu Jian Council.
  6077 | D:6      | Reached skill level 10 in Axes
  6178 | D:6      | Found a runed translucent door.
  6197 | D:6      | Noticed SirDiesAlot's ghost (weakling MiDe)
  6459 | D:6      | Killed SirDiesAlot's ghost
  6598 | D:7      | Found a glowing golden altar of the Shining One.
  6607 | D:7      | Reached XP level 9. HP: 42/79 MP: 8/8
  6607 | D:7      | Found a glowing silver altar of Zin.
  6615 | D:7      | Found a white marble altar of Elyvilon.
  6943 | D:7      | Reached skill level 11 in Axes
  7210 | D:7      | Found a staircase to the Ecumenical Temple.
  7262 | D:7      | Found a bloodstained altar of Trog.
  7272 | D:7      | Found a shimmering blue altar of Sif Muna.
  7334 | D:7      | Found a runed translucent door.
  7335 | D:7      | Noticed Crazy Yiuf
  7533 | D:7      | Killed Crazy Yiuf
  7704 | D:8      | Noticed a tengu warrior
  7707 | D:8      | Noticed a tengu conjurer
  7762 | D:5      | Bought the amulet of Sussa {Reflect rC+ SH+5 SInv} for 530
                  | gold pieces
  7835 | D:7      | Killed a tengu conjurer
  7836 | D:7      | Killed a tengu warrior
  7837 | D:7      | Reached skill level 12 in Axes
  8220 | D:8      | Reached skill level 1 in Shields
  8220 | D:8      | Reached XP level 10. HP: 76/90 MP: 9/9
  8470 | D:8      | Found a runed translucent door.
  8481 | D:8      | Found a basalt altar of Yredelemnul.
  8504 | D:8      | Reached ***** piety under Trog
  9463 | D:9      | Reached skill level 10 in Armour
  9523 | D:9      | Noticed an orange crystal statue
  9577 | D:9      | Found a staircase to the Lair.
  9807 | D:10     | Entered Level 10 of the Dungeon
  9895 | D:10     | Noticed a gargoyle
  9901 | D:10     | Killed a gargoyle
  9902 | D:10     | Reached skill level 13 in Axes
 10234 | D:10     | Reached skill level 14 in Axes
 10315 | D:10     | Noticed Psyche
 10326 | D:10     | Killed Psyche
 10327 | D:10     | Reached XP level 11. HP: 94/97 MP: 10/10
 11116 | D:11     | Noticed a death knight
 11128 | D:11     | Killed a death knight
 11547 | D:11     | Reached skill level 10 in Fighting
 12160 | D:11     | Found Ninefef's Demolitions Depot.
 12232 | D:11     | Received a gift from Trog
 12323 | D:11     | Reached skill level 15 in Axes
 12600 | D:12     | Noticed Frances
 12621 | D:12     | Killed Frances
 12938 | D:12     | Noticed a boulder beetle
 12942 | D:12     | Noticed a boulder beetle
 12953 | D:12     | Killed a boulder beetle
 13012 | D:12     | Killed a boulder beetle
 13241 | D:12     | Noticed an eight-headed hydra
 13251 | D:12     | Killed a six-headed hydra
 13311 | D:12     | Noticed a boulder beetle
 13322 | D:12     | Killed a boulder beetle
 13387 | D:12     | Noticed a seven-headed hydra
 13389 | D:12     | Killed a five-headed hydra
 13390 | D:12     | Reached XP level 12. HP: 109/110 MP: 11/11
 13433 | D:12     | Found a staircase to the Orcish Mines.
 13538 | D:12     | Reached skill level 16 in Axes
 13617 | D:12     | Noticed a two-headed ogre
 13626 | D:12     | Killed a two-headed ogre
 14122 | D:13     | Noticed a boulder beetle
 14126 | D:13     | Noticed a tengu warrior
 14129 | D:13     | Killed a boulder beetle
 14138 | D:13     | Killed a tengu warrior
 14144 | D:13     | Reached skill level 5 in Dodging
 14185 | D:13     | Noticed a centaur warrior
 14187 | D:13     | Killed a centaur warrior
 14237 | D:13     | Noticed a death knight
 14257 | D:13     | Killed a death knight
 14374 | D:13     | Noticed a death knight
 14384 | D:13     | Killed a death knight
 14913 | D:13     | Found a runed translucent door.
 14913 | D:13     | Noticed NERVtheDESTROYER's ghost (weakling FoDe)
 14921 | D:13     | Reached skill level 17 in Axes
 15008 | D:13     | Killed NERVtheDESTROYER's ghost
 15010 | D:13     | Identified the +1 chain mail "Daamuik" {Harm Rampage rF+
                  | Dex-2}
 15091 | D:13     | Received a gift from Trog
 15267 | D:13     | Noticed a tengu warrior
 15277 | D:13     | Killed a tengu warrior
 15725 | D:14     | Noticed a yaktaur captain
 15730 | D:14     | HP: 1/113 [yaktaur captain/bolt (37)]
 15730 | D:14     | Shot with a bolt by a yaktaur captain

Illustrated notes

Levels and vault maps discovered:
D:1:      grunt_arrival_crossed_arrows, layout_basic,
          shapermc_ecumenical_altar_mp_urbaneastern
D:2:      layout_basic
D:3:      kennysheep_slugbush, layout_rooms, mainiacjoe_overflow_big_doors,
          serial_shops, nicolae_shop_window_shopping, kennysheep_generic_room_2
D:4:      layout_loops_ring, kennysheep_mini_moat,
          beargit_hepliaklqana_dungeon_heroes, minmay_gold_behind_fungi
D:5:      layout_cave_pods, biasface_ghost_orc_armoury, serial_shops,
          nicolae_lakefront_shop, kennysheep_opposing_triangles
D:6:      layout_loops_cross, mainiacjoe_overflow_24_doors,
          ebering_ghost_sewer_d
D:7:      layout_rooms, good_gods_mini_temple,
          nzn_overflow_gifts_of_might_and_magic, minmay_temple_entry_glass,
          uniq_crazy_yiuf_cottage
D:8:      layout_basic, dk_yredelemnul_ordeal
D:9:      layout_roguey, lair_entry_dummy, minivault_16, skrybe_limestone_x
D:10:     minmay_inner_zag, layout_stronghold, minivault_20,
          kennysheep_big_empty_room, uniq_psyche
D:11:     cheibrodos_magma_flow, layout_basic, enter_bailey_2,
          nicolae_blasting_shop
D:12:     layout_roguey, hiddenorc2_lemuel, chequers_arboretum, uniq_frances
D:13:     layout_irregular_city, gammafunk_ghost_grave, fungi_pond_lemuel
D:14:     layout_gridville, david_vaults_2, serial_shops, nicolae_diamond_shop

Skill      XL: |  1  2  3  4  5  6  7  8  9 10 11 12 |
---------------+-------------------------------------+-----
Fighting       | 4 5 6 7 8 9 11 12 | 12.5
Axes           | 1 3 5 7 8 10 12 14 15 17 | 17.3
Armour         | 4 6 9 10 12 13 | 13.5
Shields        | 1 4 |  4.0
Dodging        | 4 6 |  6.3
Long Blades    | |  3.9

Action                   |  1- 3 |  4- 6 |  7- 9 | 10-12 || total
-------------------------+-------+-------+-------+-------++-------
Melee: Falchion          |    26 |       |       |       ||    26
       Headbutt          |     6 |    20 |    34 |    97 ||   157
       Broad axe         |    42 |   110 |   143 |       ||   295
       War axe           |       |       |    36 |   333 ||   369
       Unarmed           |       |       |       |     6 ||     6
Invok: Berserk           |       |     1 |     3 |     3 ||     7
       Trog's Hand       |       |       |     1 |     1 ||     2
       Brothers in Arms  |       |       |       |     1 ||     1
  Use: Scroll            |       |    11 |     8 |     7 ||    26
       Potion            |       |     1 |       |       ||     1
 Stab: Distracted        |       |       |       |     1 ||     1
Armor: Animal skin       |    16 |       |       |       ||    16
       Chain mail        |       |    13 |       |       ||    13
       Scale mail        |       |    52 |   128 |   114 ||   294
       Skin              |       |       |       |     1 ||     1
Dodge: Dodged            |    63 |    73 |   129 |   111 ||   376
Block: Other             |       |     5 |    35 |       ||    40
       Buckler           |       |       |     7 |   205 ||   212
       Reflection        |       |       |       |    24 ||    24

Table legend: (Time is in decaauts)
 A = Elapsed time spent in this place.
 B = Non-inter-level travel time spent in this place.
 C = Inter-level travel time spent in this place.
 D = Time resting spent in this place.
 E = Time spent auto-exploring this place.
 F = Levels seen in this place.
 G = Mean time per level.
                   A        B        C        D        E       F      G
               +--------+--------+--------+--------+--------+-----+--------+
         Total |  15804 |  15022 |    782 |   3084 |   9326 |  14 | 1128.9 |
       Dungeon |  15804 |  15022 |    782 |   3084 |   9326 |  14 | 1128.9 |
               +--------+--------+--------+--------+--------+-----+--------+

Top non-repeatable levels by time:
    D:11: 1706 daAuts
    D:13: 1577 daAuts
    D:12: 1516 daAuts
     D:5: 1449 daAuts
     D:7: 1433 daAuts
     D:1: 1424 daAuts
     D:8: 1120 daAuts
     D:2: 1105 daAuts
     D:4: 1053 daAuts
    D:10: 1031 daAuts
     D:6: 923 daAuts
     D:3: 821 daAuts
     D:9: 608 daAuts
    D:14: 34 daAuts
